 Dungeon Crawl Stone Soup version 0.26-a0-579-g3afe4966bf (webtiles) character file.

Game seed: 7907823313906131618

765 ANON1729 the Sneak (level 8, -1/48 HPs)
             Began as a Kobold Brigand on Aug 23, 2020.
             Slain by a big kobold zombie (3 damage)
             ... in an ossuary.
             The game lasted 00:08:15 (5577 turns).

ANON1729 the Sneak (Kobold Brigand)                 Turns: 5577, Time: 00:08:16

Health: -1/48      AC:  2    Str:  7 (9)  XL:     8   Next: 8%
Magic:  8/8        EV: 17    Int: 10 (12) God:
Gold:   238        SH:  0    Dex: 16 (18) Spells: 7/7 levels left

rFire    . . .     SeeInvis .   s - +2 short sword (venom)
rCold    . . .     Faith    .   (shield restricted)
rNeg     . . .     Spirit   .   (no armour)
rPois    .         Reflect  .   (no helmet)
rElec    .         Harm     .   c - +0 cloak
rCorr    .         Clarity  +   m - +0 pair of gloves
MR       +....                  (no boots)
Stlth    +++++.....             (no amulet)
HPRegen  0.16/turn              (no ring)
MPRegen  0.11/turn              (no ring)

@: brilliant, flying, hasted, very quick
A: small, clarity, magic resistance 1, nightstalker 3
a: no special abilities


You were in an ossuary.
You visited 1 branch of the dungeon, and saw 5 of its levels.
You also visited: Ossuary.

You collected 238 gold pieces.

Inventory:

Hand Weapons
 a - a +2 dagger
 o - a +0 dagger of venom
 s - a +2 short sword of venom (weapon)
 v - a +2 dagger of distortion
Missiles
 e - 2 curare-tipped darts
 p - 12 poisoned darts (quivered)
Armour
 b - a +0 robe
 c - a +0 cloak (worn)
 d - a +1 animal skin
 m - a +0 pair of gloves (worn)
Wands
 r - a wand of flame (17)
Scrolls
 f - 2 scrolls of enchant armour {unknown}
 g - 6 scrolls of identify {unknown}
 h - 3 scrolls of magic mapping {unknown}
 j - 6 scrolls of remove curse {unknown}
 k - a scroll of amnesia {unknown}
 l - a scroll of enchant weapon {unknown}
 n - 2 scrolls of teleportation {unknown}
Potions
 i - 4 potions of mutation
 w - a potion of curing {unknown}
 x - a potion of brilliance
 z - a potion of lignification {unknown}


   Skills:
 + Level 4.6 Fighting
 + Level 5.6 Short Blades
 + Level 4.5 Throwing
 + Level 4.4 Dodging
 + Level 7.5 Stealth


You had 7 spell levels left.
You didn't know any spells.
Your spell library contained the following spells:

 Spells                   Type           Power        Failure   Level
 Corona                   Hex            #......      36%         1
 Ensorcelled Hibernation  Hex/Ice        #.....       50%         2
 Confusing Touch          Hex            #.......     75%         3
 Dazzling Flash           Conj/Hex       #.....       75%         3
 Tukima's Dance           Hex            #.......     75%         3


Dungeon Overview and Level Annotations

Branches:
Dungeon (5/15)            Ossuary (1/1)
 Temple: D:4-7

Altars:
The Shining One

Shops:
D:5 (


Innate Abilities, Weirdness & Mutations

You are small and have problems with some larger weapons.
You are completely attuned to the shadows.
You possess an exceptional clarity of mind.
You are resistant to hostile enchantments. (MR+)


Message History

Press: ? - help, Shift-Dir - straight line, f - water moccasin zombie
Aim: a water moccasin zombie (severely damaged)
The puff of flame misses the water moccasin zombie.
The puff of flame hits the gnoll zombie!
The gnoll zombie is heavily damaged.
The water moccasin zombie barely misses you.
It was a potion of degeneration.
There was something very wrong with that liquid.
You feel weakened.
You feel dopey.
You feel clumsy.
The water moccasin zombie bites you but does no damage.
The gnoll zombie completely misses you.
It was a potion of flight.
You feel very buoyant.
You fly up into the air.
The water moccasin zombie bites you but does no damage.
An arrow hits the big kobold zombie, but does no damage!
The water moccasin zombie misses you. The gnoll zombie barely misses you.
It was a potion of haste.
You feel yourself speed up. The big kobold zombie hits you.
You die...

#########
#∩@.#...#!!
#ZZZ'.∩.#!(
#^..#...#!?
#^.^#####
#..^# #'###
#..^# #Z..#
#^^.#


You could see a water moccasin zombie, a gnoll zombie and a big kobold zombie.

Vanquished Creatures
  An ogre (D:4)
  A centaur (D:5)
  A scorpion (D:4)
  A bullfrog zombie (D:5)
  2 hounds
  2 bullfrog skeletons (D:4)
  3 orc wizards (D:4)
  Jessica (D:3)
  An iguana (D:4)
  A hound skeleton (D:5)
  Robin (D:3)
  6 adders
  A gnoll (D:1)
  2 adder skeletons
  3 adder zombies (Ossuary)
  7 worms
  3 dart slugs (D:1)
  6 leopard geckos
  24 orcs
  5 giant cockroaches
  14 goblins
  11 hobgoblins
  2 jackals (D:2)
  10 kobolds
  3 bats
  3 frilled lizards
  A kobold zombie (Ossuary)
  An orc zombie (Ossuary)
  3 rats
120 creatures vanquished.

Notes
Turn   | Place    | Note
-------+----------+-------------------------------------------
     0 | D:1      | ANON1729 the Kobold Brigand began the quest for the Orb.
     0 | D:1      | Reached XP level 1. HP: 12/12 MP: 1/1
    40 | D:1      | Reached XP level 2. HP: 18/18 MP: 2/2
   280 | D:1      | Reached XP level 3. HP: 22/22 MP: 3/3
   681 | D:2      | Reached XP level 4. HP: 22/27 MP: 4/4
  1206 | D:2      | Reached skill level 6 in Stealth
  2037 | D:3      | Reached XP level 5. HP: 27/32 MP: 5/5
  2411 | D:3      | Found a glowing golden altar of the Shining One.
  2420 | D:3      | Noticed Robin
  2590 | D:3      | Killed Robin
  3325 | D:3      | Noticed Jessica
  3329 | D:3      | Killed Jessica
  3638 | D:4      | Reached XP level 6. HP: 37/37 MP: 6/6
  3651 | D:4      | Noticed an ogre
  3655 | D:4      | Killed an ogre
  3748 | D:4      | Reached XP level 7. HP: 17/42 MP: 7/7
  3843 | D:4      | HP: 1/42 [iguana (11)]
  4448 | D:4      | Reached skill level 5 in Short Blades
  4448 | D:4      | Reached skill level 7 in Stealth
  5052 | D:5      | Entered Level 5 of the Dungeon
  5218 | D:5      | Found Otturaom's Weapon Emporium.
  5262 | D:5      | Reached XP level 8. HP: 48/48 MP: 8/8
  5300 | D:5      | Found a sand-covered staircase.
  5503 | Ossuary  | Entered an ossuary
  5571 | Ossuary  | HP: 1/48 [water moccasin zombie (5)]
  5572 | Ossuary  | Gained mutation: You are resistant to hostile enchantments.
                  | (MR+) [potion of mutation]
  5572 | Ossuary  | Gained mutation: You possess an exceptional clarity of
                  | mind. [potion of mutation]
  5577 | Ossuary  | Slain by a big kobold zombie

Illustrated notes

Levels and vault maps discovered:
D:1:      tarquinn_simple_flora_water_e, layout_basic, serial_curves,
          eino_curves_03, eino_curves_03
D:2:      layout_rooms
D:3:      layout_loops_ring, lemuel_doored_altar, hangedman_decor_slide_cut,
          uniq_jessica, uniq_robin
D:4:      layout_layer_cave, cheibrodos_sewer_entry_bend
D:5:      layout_loops_ring, serial_shops, nicolae_shop_stone,
          nicolae_ossuary_entry_ruins
Ossuary:  ossuary_tomb_2

Skill      XL: |  1  2  3  4  5  6  7 |
---------------+----------------------+-----
Short Blades   | 3 4 5 |  5.6
Dodging        | 2 3 4 |  4.4
Fighting       | 3 4 |  4.6
Throwing       | 3 4 |  4.5
Stealth        | 6 7 |  7.5

Action                   |  1- 3 |  4- 6 |  7- 9 || total
-------------------------+-------+-------+-------++-------
Melee: Dagger            |    81 |   147 |     8 ||   236
       Short sword       |       |    16 |   142 ||   158
Throw: Dart              |       |    19 |       ||    19
Evoke: Wand              |       |       |     1 ||     1
  Use: Potion            |       |       |     5 ||     5
 Stab: Sleeping          |    13 |    19 |    12 ||    44
Armor: Robe              |    13 |    14 |       ||    27
       Skin              |       |     2 |    14 ||    16
Dodge: Dodged            |    43 |    86 |    92 ||   221

Table legend: (Time is in decaauts)
 A = Elapsed time spent in this place.
 B = Non-inter-level travel time spent in this place.
 C = Inter-level travel time spent in this place.
 D = Time resting spent in this place.
 E = Time spent auto-exploring this place.
 F = Levels seen in this place.
 G = Mean time per level.
                   A        B        C        D        E       F      G
               +--------+--------+--------+--------+--------+-----+--------+
         Total |   5516 |   5257 |    259 |   1849 |   2423 |   6 |  919.3 |
       Dungeon |   5451 |   5192 |    259 |   1849 |   2418 |   5 | 1090.2 |
       Ossuary |     65 |     65 |      0 |      0 |      5 |   1 |   65.0 |
               +--------+--------+--------+--------+--------+-----+--------+

Top non-repeatable levels by time:
     D:3: 1607 daAuts
     D:4: 1443 daAuts
     D:2: 1373 daAuts
     D:1: 583 daAuts
     D:5: 444 daAuts
 Ossuary: 65 daAuts
